 Dungeon Crawl Stone Soup version 0.31-a0-965-g8a8ce12e04 (webtiles) character file.

Game seed: 844645870687694921

63429 sosloow the Basher (level 14, -4/126 HPs)
             Began as an Armataur Abyssal Knight on Mar 28, 2021.
             Was an Elder of Lugonu.
             Slain by a white ugly thing (11 damage)
             ... on level 14 of the Dungeon on Oct 26, 2023.
             The game lasted 01:29:58 (25228 turns).

sosloow the Basher (Armataur Abyssal Knight)       Turns: 25228, Time: 01:29:59

Health: -4/126     AC: 12    Str: 23    XL:     14   Next: 68%
Magic:  15/22      EV: 17    Int: 14    God:    Lugonu [****..]
Gold:   408        SH: 12    Dex: 17    Spells: 12/20 levels left

rFire   + . .        J - +3 morningstar of Jufa {speed, rF+}
rCold   + . .        b - +0 kite shield
rNeg    . . .        o - +0 steam dragon scales
rPois   .            v - +2 helmet
rElec   +            q - +0 cloak
rCorr   .            R - +0 pair of gloves
SInv    +            (no barding)
Will    +....        e - amulet of Foufun {+Inv rElec Regen+ Dex+2}
Stlth   ++           D - ring of protection from cold
HPRegen 1.21/turn    K - ring of the Duke {EV+4 Str+3 Dex+6}
MPRegen 0.18/turn

%: no passive effects
@: no status effects
A: large, rugged brown scales 3, see invisible, deformed body, roll 1, armoured
tail, reflexive curl
a: Renounce Religion, Evoke Invisibility, Depart the Abyss, Banish, Corrupt


You were on level 14 of the Dungeon.
You worshipped Lugonu.
Lugonu was greatly pleased with you.
You visited 2 branches of the dungeon, and saw 20 of its levels.
You visited the Abyss 1 time.
You also visited: Sewer.

You collected 1261 gold pieces.
You spent 853 gold pieces at shops.

Inventory:

Hand Weapons
 C - a +2 flail of protection
 J - the +3 morningstar of Jufa (weapon) {speed, rF+}
   (You found it on level 6 of the Dungeon)

   rF+:       It protects you from fire.
Missiles
 g - 15 curare-tipped darts
 E - 2 throwing nets
 P - 6 silver javelins (quivered)
Armour
 b - a +0 kite shield (worn)
 o - +0 steam dragon scales (worn)
 q - a +0 cloak (worn)
 v - a +2 helmet (worn)
 R - a +0 pair of gloves (worn)
Jewellery
 a - a +6 ring of dexterity
 e - the amulet of Foufun (around neck) {+Inv rElec Regen+ Dex+2}
   (You found it on level 5 of the Lair of Beasts)

   [amulet of regeneration]

   Dex+2:     It affects your dexterity (+2).
   rElec:     It insulates you from electricity.
   +Inv:      It lets you turn invisible.
   Regen+:    It increases your rate of health regeneration.
 h - an amulet of reflection
 y - a ring of positive energy
 D - a ring of protection from cold (left hand)
 K - the ring of the Duke (right hand) {EV+4 Str+3 Dex+6}
   (You bought it in a shop on level 11 of the Dungeon)

   [ring of evasion]

   EV+4:      It affects your evasion (+4).
   Str+3:     It affects your strength (+3).
   Dex+6:     It affects your dexterity (+6).
 M - a ring of wizardry
 O - a ring of ice
 Q - a ring of protection from cold
Wands
 k - a wand of polymorph (6)
 r - a wand of iceblast (4)
 s - a wand of paralysis (7)
 z - a wand of digging (5)
 L - a wand of mindburst (29)
 N - a wand of flame (29)
Scrolls
 c - 4 scrolls of amnesia
 d - 2 scrolls of teleportation
 f - a scroll of vulnerability
 i - a scroll of poison
 j - 4 scrolls of blinking
 m - 2 scrolls of revelation
 n - 2 scrolls of summoning
 p - 4 scrolls of enchant armour
 t - 2 scrolls of fear
 w - 3 scrolls of enchant weapon
 A - 4 scrolls of identify
 B - 3 scrolls of brand weapon
Potions
 l - 4 potions of brilliance
 u - 2 potions of mutation
 F - 3 potions of enlightenment
 G - a potion of lignification
 H - 3 potions of curing
 I - 2 potions of haste


   Skills:
 - Level 9.3 Fighting
 - Level 3.3 Short Blades
 + Level 13.2 Maces & Flails
 - Level 5.8 Armour
 + Level 7.7 Dodging
 - Level 11.6 Shields
 - Level 3.6 Spellcasting
 - Level 3.6 Hexes
 - Level 2.1 Air Magic
 - Level 11.4 Invocations


You had 12 spell levels left.
You knew the following spells:

 Your Spells              Type           Power      Damage    Failure   Level
a - Corona                Hex            12%        N/A       8%          1
b - Cause Fear            Hex            6%         N/A       58%         4
c - Swiftness             Air            8%         N/A       38%         3

Your spell library contained the following spells:

 Spells                   Type           Power      Damage    Failure   Level
 Shock                    Conj/Air       20%        1d4       22%         1
 Confusing Touch          Hex            12%        N/A       22%         3
 Poisonous Vapours        Pois/Air       10%        N/A       32%         2
 Static Discharge         Conj/Air       10%        3-4/arc   32%         2
 Animate Skeleton         Necr           4%         N/A       34%         1
 Apportation              Tloc           4%         N/A       34%         1
 Pain                     Necr           8%         1d4       34%         1
 Sandblast                Erth           4%         2d4       34%         1
 Summon Small Mammal      Summ           8%         N/A       34%         1
 Passwall                 Tmut/Erth      1%         N/A       45%         2
 Mephitic Cloud           Conj/Pois/Air  4%         N/A       58%         3
 Gell's Gravitas          Tloc           2%         N/A       71%         3
 Stone Arrow              Conj/Erth      4%         3d7       71%         3
 Vampiric Draining        Necr           2%         2d6       71%         3
 Airstrike                Air            4%         2d(1-17)  80%         4
 Leda's Liquefaction      Hex/Erth       3%         N/A       85%         4
 Silence                  Hex/Air        5%         N/A       96%         5
 Animate Armour           Summ/Erth      4%         N/A       98%         4
 Animate Dead             Necr           2%         N/A       98%         4
 Petrify                  Tmut/Erth      2%         N/A       98%         4
 Lightning Bolt           Conj/Air       2%         1d14      99%         5
 Metabolic Englaciation   Hex/Ice        3%         N/A       99%         5
 Yara's Violent Unravell  Hex/Tmut       3%         3d4       99%         5
 Agony                    Necr           2%         N/A       100%        5
 Bolt of Magma            Conj/Fire/Erth 1%         4d4       100%        5
 Freezing Cloud           Conj/Ice/Air   2%         6-21      100%        5
 Lee's Rapid Deconstruct  Erth           1%         3d4*      100%        5
 Bombard                  Conj/Erth      1%         9d1       100%        6
 Discord                  Hex            6%         N/A       100%        8
 Shatter                  Erth           1%         3d5*      100%        9


Dungeon Overview and Level Annotations

Branches:
Dungeon (14/15)            Temple (0/1) D:5            Lair (6/6) D:9
  Swamp (0/4) Lair:4       Spider (0/4) Lair:3        Slime (0/5) Lair:6
    Orc (0/2) D:11          Sewer (visited)
 Vaults: D:13-14

Altars:
Ashenzari
Fedhas
Gozag
Hepliaklqana
Kikubaaqudgha
Nemelex Xobeh
Okawaru
Qazlal
Trog
Jiyva

Shops:
D:3 :(:   D:5 ?   D:11 *!*

Annotations:
D:6 2 runed translucent doors, exclusion: 2 doors
D:13 1 runed translucent door, exclusion: orange crystal statue
D:14 corrupted
Lair:4 exclusion: oklob plant
Abyss:1 Joseph, Rupert, Snorg


Innate Abilities, Weirdness & Mutations

You are completely covered in rugged brown scales. (AC +3, +7% HP)
You have supernaturally acute eyesight. (SInv)
Armour fits poorly on your strangely shaped body.
You can roll at nearby foes to attack.
You have a long armoured tail.
You curl defensively after being hit. (AC +7*)


Message History

You feel sick.
You feel sick.
You feel sick.
The white ugly thing attacks as it pursues you!
The white ugly thing kicks you. The white ugly thing freezes you! You resist.
You feel sick. The white ugly thing kicks you.
* * * LOW HITPOINT WARNING * * *
The white ugly thing freezes you! You resist.
* * * LOW HITPOINT WARNING * * *
You feel sick.
You are no longer poisoned.
The white ugly thing attacks as it pursues you!
The white ugly thing kicks you!
* * * LOW HITPOINT WARNING * * *
The white ugly thing freezes you! You resist.
* * * LOW HITPOINT WARNING * * *
You feel much better.
You block the white ugly thing's attack.
You barely miss the white ugly thing.
The white ugly thing is almost dead.
The cyan ugly thing basks in the mutagenic energy from its kin and changes!
You barely miss the white ugly thing.
The white ugly thing is almost dead.
The white ugly thing kicks you.
* * * LOW HITPOINT WARNING * * *
The white ugly thing freezes you! You resist.
* * * LOW HITPOINT WARNING * * *
Okay, then.
Activating: Corrupt (4% risk of failure)
Press: ? - help, Dir - look around, f - activate Lugonu's Hand of Corruption reaches out!
You can no longer gate yourself to the Abyss.
The green ugly thing misses the smoke demon.
The cyan ugly thing tail-slaps the white imp!
The white imp dies!
The white imp disappears in a puff of smoke!
The white ugly thing kicks you!
* * * LOW HITPOINT WARNING * * *
The white ugly thing freezes you! You resist.
You die...

### #X# ##X4# #.#Z#
#X.# #3@#
######X.u#
....s..uu#
###.######§u3X#####
.........uuXX.....#
###.###.##3XXx###.#
#)###bz.Z #<#


uuu #3### ### .uzz. You could see 6 ugly things, a neutral starcursed mass
(summoned, distracted), a neutral tentacled starspawn (summoned, distracted), a
neutral demonic crawler (summoned, distracted), 7 neutral large abominations, 2
neutral smoke demons, a neutral neqoxec (summoned, distracted), a neutral
ynoxinul (summoned, distracted), a neutral chaos spawn (summoned, distracted), a
neutral small abomination (summoned, distracted), a neutral fire bat (summoned,
wandering), a neutral flying skull (summoned, distracted), a neutral black mamba
skeleton (summoned, distracted) and a neutral harpy skeleton (summoned,
distracted).

Vanquished Creatures
  Gastronok (D:12)
  Fannar (Lair:3)
  A dire elephant (Lair:5)
  8 hydras
  4 boulder beetles
  A fire dragon (Lair:6)
  An alligator (Lair:5)
  4 death yaks (Lair:5)
  Nergalle (Lair:1)
  A fire crab (shapeshifter) (D:13)
  A skeletal warrior (D:14)
  Pikel (D:7)
  A lindwurm (Lair:6)
  3 ugly things (D:14)
  A manticore (D:13)
  7 black mambas
  A gargoyle (D:12)
  13 cane toads
  3 molten gargoyles (Lair:6)
  2 torpor snails
  An unseen horror (D:12)
  A rime drake (Lair:5)
  15 komodo dragons
  5 trolls
  3 polar bears
  A merfolk (D:12)
  7 dream sheep
  6 blink frogs
  5 slime creatures
  Grinder (D:4)
  11 wyverns
  A spriggan (Lair:2)
  2 wraiths
  2 shadows
  5 basilisks
  37 yaks
  7 steam dragons
  2 hogs (Lair:4)
  6 vampire mosquitoes
  4 wargs (D:11)
  3 hell hounds (Lair:6)
  14 water moccasins
  4 ice beasts
  A sky beast (D:5)
  3 black bears
  4 orc warriors
  2 ogres (D:5)
  4 necrophages
  4 wolves (Lair:5)
  A phantom (D:6)
  10 centaurs
  A lemure (D:7)
  A kobold brigand (Sewer)
  10 bullfrogs
  A water moccasin zombie (D:6)
  A scorpion (D:7)
  2 wights (D:8)
  4 lava snakes (Lair:6)
  A crimson imp (D:12)
  5 centaur zombies
  A hound (D:6)
  A gnoll bouda (D:9)
  9 orc priests
  2 bullfrog zombies (D:6)
  4 bullfrog skeletons
  4 iguanas
  18 orc wizards
  A hell rat (Lair:5)
  A killer bee zombie (D:8)
  A hound skeleton (D:5)
  A mummy (D:8)
  Robin (D:1)
  8 gnolls
  7 adders
  An adder zombie (D:5)
  A worm (D:4)
  A dart slug (D:2)
  49 orcs
  9 endoplasms
  8 giant cockroaches
  11 goblins
  2 hobgoblins
  6 jackals
  3 quokkas
  8 ball pythons
  6 bats
  6 frilled lizards
  20 kobolds
  8 rats
452 creatures vanquished.

Vanquished Creatures (others)
  Kirke (Lair:4)
  A killer bee zombie (D:7)
2 creatures vanquished.

Grand Total: 454 creatures vanquished

Notes
Turn   | Place    | Note
-------+----------+-------------------------------------------
     0 | Abyss:1  | sosloow the Palentonga Abyssal Knight began the quest for
                  | the Orb.
     0 | Abyss:1  | Reached XP level 1. HP: 19/19 MP: 2/2
    87 | Abyss:1  | Noticed a ynoxinul
    89 | D:1      | Escaped the Abyss
   215 | D:1      | Reached * piety under Lugonu
   371 | D:1      | Reached skill level 1 in Dodging
   435 | D:1      | Reached XP level 2. HP: 21/25 MP: 3/3
  1103 | D:2      | Reached skill level 1 in Short Blades
  1210 | D:2      | Noticed Robin
  1218 | D:1      | Reached XP level 3. HP: 31/31 MP: 4/4
  1328 | D:1      | Killed Robin
  1335 | D:2      | Reached ** piety under Lugonu
  1735 | D:2      | Found a bloodstained altar of Trog.
  2054 | D:2      | Reached XP level 4. HP: 31/37 MP: 6/6
  2103 | D:2      | Learned a level 1 spell: Corona
  2242 | D:3      | Found an opulent altar of Gozag.
  2299 | D:3      | Found Coen's Book Emporium.
  2339 | D:3      | Found Yresi's Book Boutique.
  2346 | D:3      | Found Gommotz's Antique Weapon Emporium.
  2844 | D:3      | Reached XP level 5. HP: 42/43 MP: 7/7
  2996 | D:4      | Found a glowing drain.
  3019 | Sewer    | Entered a sewer
  3033 | Sewer    | Reached *** piety under Lugonu
  3352 | Sewer    | Reached XP level 6. HP: 45/50 MP: 7/9
  3424 | D:4      | Noticed Grinder
  3432 | D:4      | Killed Grinder
  4146 | D:5      | Entered Level 5 of the Dungeon
  4188 | D:5      | Gained mutation: You curl defensively after being hit. (AC
                  | +7*) [Palentonga growth]
  4188 | D:5      | Reached XP level 7. HP: 51/55 MP: 10/10
  4239 | D:5      | Reached skill level 5 in Invocations
  4282 | D:5      | Found Quuruink's Magic Scroll Boutique.
  4353 | D:5      | Reached skill level 3 in Maces & Flails
  4642 | D:5      | Bought a scroll of fear for 42 gold pieces
  4642 | D:5      | Bought a scroll of identify for 24 gold pieces
  4642 | D:5      | Bought a scroll of teleportation for 36 gold pieces
  4737 | D:5      | Found a staircase to the Ecumenical Temple.
  5267 | D:5      | Reached skill level 4 in Maces & Flails
  5599 | D:6      | Found a blossoming altar of Fedhas.
  5657 | D:6      | Reached XP level 8. HP: 11/62 MP: 10/12
  6097 | D:6      | Found a large runed translucent door.
  6097 | D:6      | Found a large runed translucent door.
  6100 | D:6      | Noticed a troll
  6133 | D:6      | Reached **** piety under Lugonu
  6134 | D:6      | Reached skill level 5 in Maces & Flails
  6152 | D:6      | Identified the +8 shortbow "Witos" {venom, +Blink rF+ rC-
                  | SInv}
  6503 | D:6      | Found a hazy altar of Hepliaklqana.
  6599 | D:6      | Reached skill level 1 in Spellcasting
  6659 | D:6      | Noticed a boulder beetle
  6782 | D:6      | Killed a boulder beetle
  6783 | D:6      | Reached skill level 6 in Maces & Flails
  6783 | D:6      | Reached XP level 9. HP: 67/67 MP: 13/15
  6965 | D:6      | Found a large runed translucent door.
  6965 | D:6      | Found a large runed translucent door.
  7429 | D:6      | Reached skill level 7 in Maces & Flails
  8156 | D:7      | Identified the +8 short sword "Mebaorch" {flame, rC+}
  8422 | D:7      | Found an iron altar of Okawaru.
  8460 | D:7      | Found a stormy altar of Qazlal.
  8491 | D:7      | Reached skill level 1 in Shields
  8622 | D:7      | Reached skill level 1 in Hexes
  8973 | D:7      | Found a broken altar of Ashenzari.
  8973 | D:7      | Found an ancient bone altar of Kikubaaqudgha.
  9420 | D:8      | Reached XP level 10. HP: 51/72 MP: 17/17
  9586 | D:8      | Noticed Pikel
  9657 | D:7      | Killed Pikel
  9710 | D:8      | Reached ***** piety under Lugonu
  9724 | D:8      | Noticed Joseph
  9739 | D:8      | Banished Joseph
 10004 | D:8      | Reached skill level 8 in Maces & Flails
 10979 | D:6      | Identified the +3 morningstar of Jufa {speed, rF+}
 11901 | D:9      | Reached skill level 10 in Invocations
 12218 | D:9      | Found a bloodstained altar of Trog.
 12227 | D:9      | Reached skill level 5 in Shields
 12670 | D:9      | Found a staircase to the Lair.
 13287 | D:9      | Reached XP level 11. HP: 73/80 MP: 18/18
 13444 | D:10     | Entered Level 10 of the Dungeon
 13751 | D:10     | Noticed Snorg
 13753 | D:10     | Banished Snorg
 13754 | D:10     | Reached skill level 9 in Maces & Flails
 14291 | D:11     | You fall into a shaft and drop 2 floors!
 14318 | D:13     | Noticed a tengu warrior
 14319 | D:13     | Banished a tengu warrior
 14354 | D:13     | Noticed a centaur warrior
 14356 | D:13     | Banished a centaur warrior
 14556 | D:12     | Found a sparkling altar of Nemelex Xobeh.
 14582 | D:12     | Noticed a deep elf pyromancer
 14641 | D:12     | Banished a deep elf pyromancer
 14917 | D:12     | Learned a level 4 spell: Cause Fear
 14920 | D:12     | Learned a level 3 spell: Swiftness
 15005 | D:12     | Noticed a brown ugly thing
 15012 | D:12     | Banished a brown ugly thing
 15028 | D:12     | Reached skill level 1 in Air Magic
 15208 | D:11     | Found Inosem's Assorted Antiques.
 15209 | D:11     | Noticed a seven-headed hydra
 15342 | D:11     | Noticed a seven-headed hydra
 15343 | D:11     | Banished a seven-headed hydra
 15344 | D:11     | Reached skill level 10 in Maces & Flails
 15385 | D:11     | Found Pike's Distillery.
 15391 | D:11     | Bought a potion of berserk rage for 70 gold pieces
 15391 | D:11     | Bought a potion of might for 56 gold pieces
 15391 | D:11     | Bought a potion of curing for 42 gold pieces
 15391 | D:11     | Bought a potion of haste for 140 gold pieces
 15551 | D:11     | Banished a seven-headed hydra
 15552 | D:11     | Reached XP level 12. HP: 77/86 MP: 15/20
 15688 | D:11     | Found a staircase to the Orcish Mines.
 15750 | D:11     | Bought a scroll labelled SESYXU ULOE for 27 gold pieces
 15750 | D:11     | Bought a scroll labelled VIWNAH FIUT for 27 gold pieces
 15750 | D:11     | Bought a bound bone ring for 135 gold pieces
 15750 | D:11     | Identified the ring of the Duke {EV+4 Str+3 Dex+6} (You
                  | bought it in a shop on level 11 of the Dungeon)
 15858 | D:11     | Noticed a boulder beetle
 15869 | D:11     | Killed a boulder beetle
 15999 | D:11     | Found Fakh's General Store.
 16400 | D:12     | Noticed Gastronok
 16419 | D:12     | Killed Gastronok
 16861 | Lair:1   | Entered Level 1 of the Lair of Beasts
 16930 | Lair:1   | Reached skill level 11 in Maces & Flails
 17335 | Lair:1   | Noticed Nergalle
 17350 | Lair:1   | Killed Nergalle
 17720 | Lair:2   | Reached skill level 5 in Fighting
 18140 | Lair:2   | Noticed a four-headed hydra
 18144 | Lair:2   | Killed a four-headed hydra
 18222 | Lair:2   | Noticed a boulder beetle
 18249 | Lair:2   | Killed a boulder beetle
 18250 | Lair:2   | Reached XP level 13. HP: 78/99 MP: 22/22
 18826 | Lair:3   | Noticed Fannar
 18851 | Lair:3   | Killed Fannar
 19296 | Lair:3   | Reached skill level 5 in Dodging
 19334 | Lair:3   | Reached skill level 12 in Maces & Flails
 19781 | Lair:3   | Found a hole to the Spider Nest.
 19857 | Lair:3   | Identified the +0 pair of gloves of Erphasy {Harm SInv}
 20267 | Lair:4   | Found a staircase to the Swamp.
 20399 | Lair:4   | You fall into a shaft and drop 1 floor!
 20399 | Lair:5   | Noticed Rupert
 20405 | Lair:5   | Banished Rupert
 20485 | Lair:5   | Noticed Kirke
 21153 | Lair:4   | Upgraded the game from 0.27-a0-802-gbe893936b8 to
                  | 0.30-a0-57-g8b159a9891
 21252 | Lair:4   | Reduced skill Maces & Flails to level 11
 21252 | Lair:4   | Reached skill level 5 in Armour
 21252 | Lair:4   | Reduced skill Dodging to level 5
 21252 | Lair:4   | Upgraded the game from 0.30-a0-57-g8b159a9891 to
                  | 0.31-a0-965-g8a8ce12e04
 21260 | Lair:4   | Killed Kirke
 21442 | Lair:5   | Reached skill level 12 in Maces & Flails
 21928 | Lair:5   | Reached XP level 14. HP: 93/121 MP: 22/22
 22516 | Lair:5   | HP: 6/124 [poisoned by a cane toad]
 23146 | Lair:5   | Identified the amulet of Foufun {+Inv rElec Regen+ Dex+2}
 23336 | Lair:6   | Entered Level 6 of the Lair of Beasts
 23336 | Lair:6   | Found a viscous altar of Jiyva.
 23336 | Lair:6   | Found a staircase to the Slime Pits.
 23732 | Lair:6   | Found a large runed translucent door.
 24063 | Lair:6   | Reached skill level 13 in Maces & Flails
 24171 | Lair:6   | Found a large runed translucent door.
 24703 | D:11     | Bought a +0 pair of gloves for 72 gold pieces
 24722 | D:11     | Bought a potion of curing for 42 gold pieces
 24722 | D:11     | Bought a potion of haste for 140 gold pieces
 24815 | D:13     | Found a runed translucent door.
 25224 | D:14     | HP: 5/126 [white ugly thing (12)]
 25228 | D:14     | Corrupted D:14
 25228 | D:14     | Noticed a tentacled starspawn
 25228 | D:14     | Slain by a white ugly thing

Illustrated notes

Levels and vault maps discovered:
D:1:      elethiomel_arrival_shortcut, layout_loops_ring,
          minmay_worlds_worst_comb
D:2:      layout_loops_ring, trog_three_pillars_becter, uniq_robin
D:3:      layout_loops_cross, grunt_gozag_statues, serial_shops, shop, shop,
          shop
D:4:      layout_gridville, cheibrodos_sewer_entry_drain, st_stairs_1,
          uniq_grinder
D:5:      layout_rooms, minmay_temple_entry_ruins, kennysheep_small_circle
D:6:      cheibrodos_two_vegetables, layout_loops_cross, kennysheep_mini_moat,
          overflow_temple_1_default, minmay_hollow_rounded_squares
D:7:      layout_basic, grunt_qazlal_clouds, gammafunk_temple_overflow_elements,
          basic_altar
D:8:      layout_gridville, serial_undead, serial_undead_e, serial_undead_a,
          serial_undead_a, serial_undead_e, uniq_pikel, uniq_joseph
D:9:      layout_stronghold, trog_ov_bears_minmay, lair_entry_dummy
D:10:     layout_rooms, uniq_snorg
D:11:     layout_cave_pools, minmay_orc_entry_guard_dogs, serial_shops,
          shop_statue, shop, kennysheep_mini, kennysheep_another_room,
          kennysheep_generic_room_9
D:12:     layout_long_grid, hangedman_stone_soup,
          nemelex_xobeh_ov_fountains_minmay, uniq_gastronok
D:13:     layout_rooms, minmay_crystal_box
D:14:     layout_basic, skrybe_vaults_entry_preservation,
          portal_ice_cave_entry_ice_beasts, basic_altar
Lair:1:   layout_loops_ring, uniq_nergalle
Lair:2:   layout_roguey, grunt_forest_large_clearing_hut
Lair:3:   cheibrodos_lair_river_kwai, layout_loops_ring,
          spider_nest_entry_web_field, grunt_megastairs_4, lemuel_fruit_fields,
          uniq_fannar
Lair:4:   layout_loops_ring, minmay_swamp_entry_swarm,
          eino_small_chamber_without_monster
Lair:5:   nzn_winding_woodlands_large [nzn_winding_woodlands_5x5_perimeter,
          nzn_winding_woodlands_5x15_sidewinder,
          nzn_winding_woodlands_5x5_default,
          nzn_winding_woodlands_center_pierced_h,
          nzn_winding_woodlands_15x15_thick_spiral,
          nzn_winding_woodlands_center_lodge,
          nzn_winding_woodlands_5x5_closed_star,
          nzn_winding_woodlands_5x15_split_checker,
          nzn_winding_woodlands_5x5_open_star], layout_regular_city,
          st_stairs_12, kennysheep_catoblepas_arena, uniq_rupert, uniq_kirke
Lair:6:   cheibrodos_lair_end_hotspot, layout_misc_corridors, slime_entry_1

Skill      XL: |  1  2  3  4  5  6  7  8  9 10 11 12 13 14 |
---------------+-------------------------------------------+-----
Dodging        | 1 2 4 6 7 |  7.7
Short Blades   | 1 2 3 |  3.3
Armour         | 2 3 4 5 |  5.8
Invocations    | 3 4 6 8 9 10 11 12 11 | 11.4
Maces & Flails | 4 6 7 8 10 11 12 13 | 13.2
Spellcasting   | 3 4 3 |  3.6
Shields        | 2 5 8 9 11 | 11.6
Hexes          | 2 4 3 |  3.6
Air Magic      | 1 2 |  2.1
Fighting       | 5 7 9 |  9.3

Action                     |  1- 3 |  4- 6 |  7- 9 | 10-12 | 13-15 || total
---------------------------+-------+-------+-------+-------+-------++-------
  Melee: Short sword       |   115 |   202 |   131 |       |       ||   448
         Tailslap          |     8 |    18 |    36 |   136 |   159 ||   357
         Mace              |     2 |       |       |       |       ||     2
         Flail             |       |       |   268 |   108 |       ||   376
         Morningstar       |       |       |       |   500 |   810 ||  1310
         Unarmed           |       |       |       |       |    31 ||    31
 Invoke: Depart the Abyss  |     1 |       |       |       |       ||     1
         No ability        |       |       |    19 |    16 |       ||    35
         Banish            |       |       |       |    16 |     7 ||    23
         Corrupt           |       |       |       |       |     1 ||     1
Ability: Hop               |    12 |    33 |    43 |    73 |    26 ||   187
  Evoke: Wand              |       |       |     6 |    17 |    19 ||    42
    Use: Scroll            |       |     4 |     2 |    17 |     3 ||    26
         Potion            |       |     1 |    12 |     5 |    14 ||    32
   Stab: Paralysed         |       |       |    13 |     6 |     2 ||    21
 Armour: Leather armour    |    39 |    70 |    66 |       |       ||   175
         Robe              |       |       |   107 |    67 |       ||   174
         Steam dragon scal |       |       |       |    80 |   219 ||   299
         Skin              |       |       |       |       |     6 ||     6
  Dodge: Dodged            |    43 |    90 |   170 |   143 |   200 ||   646
  Block: Kite shield       |       |       |    61 |   259 |   386 ||   706
         Other             |       |       |       |       |     3 ||     3

Table legend: (Time is in decaauts)
 A = Elapsed time spent in this place.
 B = Non-inter-level travel time spent in this place.
 C = Inter-level travel time spent in this place.
 D = Time resting spent in this place.
 E = Time spent auto-exploring this place.
 F = Levels seen in this place.
 G = Mean time per level.
                   A        B        C        D        E       F      G
               +--------+--------+--------+--------+--------+-----+--------+
         Total |  25043 |  23716 |   1327 |   8018 |  10534 |  22 | 1138.3 |
       Dungeon |  17036 |  16103 |    933 |   5993 |   6835 |  14 | 1216.9 |
          Lair |   7544 |   7150 |    394 |   1910 |   3665 |   6 | 1257.3 |
         Abyss |     89 |     89 |      0 |      0 |      6 |   1 |   89.0 |
         Sewer |    372 |    372 |      0 |    114 |     28 |   1 |  372.0 |
               +--------+--------+--------+--------+--------+-----+--------+

Top non-repeatable levels by time:
     D:6: 2968 daAuts
  Lair:5: 2038 daAuts
     D:8: 1839 daAuts
     D:9: 1839 daAuts
    D:12: 1499 daAuts
     D:7: 1421 daAuts
  Lair:3: 1401 daAuts
     D:1: 1278 daAuts
     D:5: 1187 daAuts
  Lair:4: 1158 daAuts
  Lair:6: 1138 daAuts
     D:4: 1087 daAuts
  Lair:2: 1018 daAuts
    D:10: 965 daAuts
    D:11: 900 daAuts
